 Dungeon Crawl Stone Soup version 0.30.1-9-gdf580d7c3d (webtiles) character file.

Game seed: 8766453871123767905

26422 Ivernyr the Stickfighter (level 13, -7/103 HPs)
             Began as a Formicid Fighter on Oct 5, 2023.
             Was an Elder of Wu Jian.
             Mangled by a spectral orc warlord
             ... wielding a +0 long sword
             ... summoned by Nergalle
              (24 damage)
             ... on level 3 of the Lair of Beasts.
             The game lasted 00:36:10 (12002 turns).

Ivernyr the Stickfighter (Formicid Fighter)        Turns: 12002, Time: 00:36:10

Health: -7/103     AC: 11    Str: 31    XL:     13   Next: 58%
Magic:  13/13      EV: 11    Int:  9    God:    Wu Jian [****..]
Gold:   626        SH:  7    Dex: 13    Spells: 12/12 levels left

rFire   . . .        C - +3 quarterstaff (speed)
rCold   . . .        c - +0 buckler
rNeg    . . .        b - +3 leather armour {Will+}
rPois   .            (helmet unavailable)
rElec   .            f - +0 cloak
rCorr   .            H - +0 pair of gloves
SInv    +            A - +0 pair of boots
Will    ++...        l - amulet of regeneration
Stlth   +            q - +4 ring of slaying
HPRegen 1.17/turn    v - +6 ring of strength
MPRegen 0.13/turn

%: no passive effects
@: exhausted, studying Short Blades
A: permanent stasis, dig shafts and tunnels, antennae 3, four strong arms
a: Dig, Shaft Self, Renounce Religion, Wall Jump, Serpent's Lash


You were on level 3 of the Lair of Beasts.
You worshipped Wu Jian.
Wu Jian was greatly pleased with you.
You visited 3 branches of the dungeon, and saw 17 of its levels.

You collected 914 gold pieces.
You spent 288 gold pieces at shops.

Inventory:

Hand Weapons
 C - a +3 quarterstaff of speed (weapon)
Missiles
 z - 2 throwing nets
Armour
 b - a +3 leather armour of willpower (worn)
 c - a +0 buckler (worn)
 f - a +0 cloak (worn)
 A - a +0 pair of boots (worn)
 H - a +0 pair of gloves (worn)
Jewellery
 l - an amulet of regeneration (around neck)
 p - a ring of poison resistance
 q - a +4 ring of slaying (left hand)
 v - a +6 ring of strength (right hand)
Wands
 a - a wand of light (14)
 i - a wand of digging (17)
 m - a wand of iceblast (34)
 y - a wand of flame (51)
 D - a wand of mindburst (8)
Scrolls
 e - a scroll of brand weapon
 g - 4 scrolls of identify
 k - a scroll of magic mapping
 r - 6 scrolls of poison
 s - 6 scrolls of enchant armour
 E - a scroll of fear
 F - a scroll of noise {unknown}
 G - a scroll of enchant weapon
 K - a scroll of summoning {unknown}
Potions
 d - 3 potions of might
 h - 4 potions of curing {unknown}
 j - 5 potions of haste {unknown}
 n - 3 potions of flight {unknown}
 o - a potion of mutation {unknown}
 t - a potion of brilliance {unknown}
 u - 2 potions of invisibility {unknown}
 w - 2 potions of attraction {unknown}
 x - 2 potions of lignification {unknown}
 B - 2 potions of resistance {unknown}
 I - a potion of ambrosia {unknown}
 J - a potion of berserk rage {unknown}


   Skills:
 + Level 9.9 Fighting
 + Level 16.6 Staves
 + Level 9.9 Armour
 + Level 11.7 Shields


You had 12 spell levels left.
You didn't know any spells.
Your spell library contained the following spells:

 Spells                   Type           Power      Damage    Failure   Level
 Magic Dart               Conj           0%         1d3       43%         1
 Shock                    Conj/Air       0%         1d3       43%         1
 Call Imp                 Summ           0%         N/A       58%         2
 Dazzling Flash           Conj/Hex       0%         N/A       82%         3
 Mephitic Cloud           Conj/Pois/Air  0%         N/A       82%         3
 Volatile Blastmotes      Fire/Tloc      0%         2d10      82%         3
 Airstrike                Air            0%         2d(0-16)  99%         4
 Fulminant Prism          Conj/Hex       0%         3d5       99%         4
 Iskenderun's Mystic Bla  Conj/Tloc      0%         2d3       99%         4
 Passage of Golubria      Tloc           0%         N/A       99%         4
 Lee's Rapid Deconstruct  Erth           0%         3d4*      100%        5
 Silence                  Hex/Air        0%         N/A       100%        5
 Starburst                Conj/Fire      0%         6d3       100%        6
 Lehudib's Crystal Spear  Conj/Erth      0%         10d2      100%        8
 Swiftness                Air            Unusable   N/A       N/A         3

Dungeon Overview and Level Annotations

Branches:
Dungeon (13/15)            Temple (1/1) D:5            Lair (3/5) D:11
    Orc (0/2) D:10
  Swamp: Lair:2-3    Shoals: Lair:2-3     Snake: Lair:2-3    Spider: Lair:2-3
 Vaults: D:13-14

Altars:
Ashenzari
Cheibriados
Dithmenos
Elyvilon
Fedhas
Gozag
Hepliaklqana
Kikubaaqudgha
Makhleb
Nemelex Xobeh
Okawaru
Qazlal
Ru
Sif Muna
Trog
Uskayaw
Vehumet
Wu Jian
Xom
Yredelemnul
Zin
Lugonu

Shops:
D:3 (   D:4 (

Annotations:
Lair:2 exclusion: oklob plant
Lair:3 Nergalle


Innate Abilities, Weirdness & Mutations

You cannot be hasted, slowed, berserked, paralysed or teleported.
You can dig through walls and to a lower floor.
You have a pair of large antennae on your head. (SInv)
Your four strong arms can wield two-handed weapons with a shield.


Message History

Found 2 inky potions.
You spin and attack the wyvern repeatedly.
You thump the wyvern!
The wyvern is severely wounded.
You closely miss the wyvern.
The wyvern is severely wounded.
The wyvern bites you but does no damage.
The wyvern bites you.
* * * LOW HITPOINT WARNING * * *
You sock the wyvern!
You kill the wyvern!
The Council accepts your kill.
Your muscles tense, ready for explosive movement...
You spin and attack Nergalle repeatedly, with incredible momentum.
You hit Nergalle.
Nergalle is lightly wounded.
You hit Nergalle but do no damage.
Nergalle is lightly wounded.
You hit Nergalle.
Nergalle is lightly wounded.
You spin and attack Nergalle repeatedly, with incredible momentum.
You hit Nergalle but do no damage.
Nergalle is lightly wounded.
You hit Nergalle.
Nergalle is moderately wounded.
Your supernatural speed expires.
Unknown command.
Unknown command.
You spin and attack Nergalle repeatedly.
You hit Nergalle but do no damage.
Nergalle is moderately wounded.
You hit Nergalle.
Nergalle is moderately wounded.
Nergalle casts a spell at you.
Orcish apparitions take form around you.
Are you sure you want to shaft yourself?
Nergalle hits you with a +0 dagger!
* * * LOW HITPOINT WARNING * * *
The spectral orc warlord hits you with a +0 long sword!!
You die...

.## #. ## ...#.
#... #..
....##...! #..
...P...# #...#
.......# . ##...#
#P.....# ..
#.....##....#
...#....#@....##
...$...ZZ#o....#
........#.#Z○P.#
.#P....#.°..P#
#....#.#...##
#..~..~......#
..P.~~~~~~~....##
...~≈≈≈≈~~~~..##
...~≈~≈~~~≈~~..#


You could see Nergalle, 2 spectral orcs and a spectral orc warlord (summoned).

Vanquished Creatures
  Josephine (D:12)
  A death knight (D:12)
  A boulder beetle (D:11)
  Erica (D:8)
  A centaur warrior (D:11)
  3 two-headed ogres
  2 bog bodies (Lair:2)
  A deep elf pyromancer (D:12)
  Pikel (D:7)
  A manticore (D:11)
  2 cyclopes (D:11)
  An ugly thing (D:10)
  2 cane toads
  Maggie (D:8)
  An unseen horror (D:12)
  A rime drake (Lair:1)
  A freezing wraith (D:10)
  2 komodo dragons
  4 trolls
  Grinder (D:6)
  4 hornets (Lair:1)
  3 slime creatures
  Sigmund (D:3)
  A shadow (D:10)
  7 wraiths
  3 basilisks
  A vampire (D:11)
  3 wyverns
  36 yaks
  3 steam dragons
  6 vampire mosquitoes
  2 acid dragons (D:12)
  8 water moccasins
  A swamp drake (D:10)
  2 black bears (D:11)
  6 orc warriors
  An ice beast (D:6)
  2 centaurs
  A lemure (D:8)
  A phantom (D:4)
  A gnoll sergeant (D:11)
  5 bullfrogs
  3 scorpions
  8 wights
  5 killer bees (D:8)
  6 howler monkeys
  Crazy Yiuf (D:6)
  9 orc priests
  3 sleepcaps
  A gnoll bouda (D:6)
  4 hounds
  2 jellies
  3 iguanas
  16 orc wizards
  3 gnolls (D:6)
  7 adders
  A shadow imp (D:5)
  An ufetubus (D:5)
  5 worms
  5 dart slugs
  46 orcs
  8 ball pythons
  6 endoplasms
  A giant cockroach (D:4)
  10 goblins
  7 hobgoblins
  12 jackals
  3 kobolds
  6 quokkas
  3 bats
  2 frilled lizards (D:2)
  3 rats
317 creatures vanquished.

Notes
Turn   | Place    | Note
-------+----------+-------------------------------------------
     0 | D:1      | Ivernyr the Formicid Fighter began the quest for the Orb.
     0 | D:1      | Reached XP level 1. HP: 18/18 MP: 1/1
   372 | D:1      | Reached XP level 2. HP: 24/24 MP: 2/2
   938 | D:2      | Reached skill level 3 in Staves
  1030 | D:2      | Reached XP level 3. HP: 28/29 MP: 3/3
  1257 | D:2      | Reached skill level 4 in Staves
  1257 | D:2      | Reached XP level 4. HP: 35/35 MP: 4/4
  1337 | D:2      | Found a faded altar of an unknown god.
  1438 | D:3      | Noticed Sigmund
  1462 | D:3      | Killed Sigmund
  1463 | D:3      | Reached skill level 5 in Staves
  1463 | D:3      | Reached XP level 5. HP: 30/41 MP: 5/5
  1463 | D:3      | Reached XP level 6. HP: 34/47 MP: 6/6
  1505 | D:3      | Reached skill level 6 in Staves
  1656 | D:3      | Found Ifoqoakh's Weapon Shop.
  1883 | D:3      | Found a broken altar of Ashenzari.
  2343 | D:4      | Reached skill level 7 in Staves
  2343 | D:4      | Reached XP level 7. HP: 52/52 MP: 7/7
  2485 | D:4      | Found a snail-covered altar of Cheibriados.
  2665 | D:4      | Found Hoavugo's Antique Weapon Shoppe.
  2713 | D:4      | Found an opulent altar of Gozag.
  2719 | D:4      | Found a shimmering altar of Xom.
  2719 | D:4      | Found an ornate altar of the Wu Jian Council.
  2721 | D:4      | Found a radiant altar of Vehumet.
  2721 | D:4      | Found a burning altar of Makhleb.
  2721 | D:4      | Found a burning altar of Makhleb.
  3122 | D:5      | Entered Level 5 of the Dungeon
  3201 | D:5      | Found a staircase to the Ecumenical Temple.
  3261 | Temple   | Entered the Ecumenical Temple
  3287 | Temple   | Became a worshipper of the Wu Jian Council
  3405 | D:5      | Reached skill level 8 in Staves
  3956 | D:6      | Found a hazy altar of Hepliaklqana.
  4003 | D:6      | Reached XP level 8. HP: 43/58 MP: 8/8
  4201 | D:6      | Reached * piety under Wu Jian
  4312 | D:6      | Reached skill level 9 in Staves
  4389 | D:6      | Noticed Grinder
  4405 | D:6      | Killed Grinder
  4423 | D:6      | Found an iron altar of Okawaru.
  4496 | D:6      | Reached skill level 10 in Staves
  4652 | D:3      | Bought a +2 quarterstaff of speed for 288 gold pieces
  4822 | D:6      | Reached XP level 9. HP: 60/64 MP: 9/9
  5037 | D:6      | Reached skill level 11 in Staves
  5373 | D:6      | Found a runed translucent door.
  5374 | D:6      | Noticed Crazy Yiuf
  5381 | D:6      | Killed Crazy Yiuf
  5427 | D:7      | Found a hide-covered altar of Uskayaw.
  5559 | D:7      | Found a sacrificial altar of Ru.
  5566 | D:7      | Reached skill level 12 in Staves
  6263 | D:8      | Noticed Erica
  6309 | D:8      | Killed Erica
  6310 | D:8      | Reached skill level 13 in Staves
  6310 | D:8      | Reached XP level 10. HP: 25/70 MP: 10/10
  6385 | D:8      | Noticed Pikel
  6386 | D:8      | Noticed Maggie
  6410 | D:7      | Killed Pikel
  6411 | D:7      | Reached skill level 14 in Staves
  6437 | D:8      | Killed Maggie
  6621 | D:8      | Reached ** piety under Wu Jian
  6743 | D:9      | Found an opulent altar of Gozag.
  6743 | D:9      | Found a blossoming altar of Fedhas.
  6893 | D:9      | Reached skill level 5 in Shields
  6995 | D:9      | Reached XP level 11. HP: 34/78 MP: 11/11
  7119 | D:9      | Found a basalt altar of Yredelemnul.
  7472 | D:10     | Entered Level 10 of the Dungeon
  7638 | D:10     | Found a glowing silver altar of Zin.
  7698 | D:10     | Found a staircase to the Orcish Mines.
  7720 | D:10     | Reached skill level 5 in Fighting
  7720 | D:10     | Reached skill level 15 in Staves
  7722 | D:10     | Reached skill level 5 in Armour
  7789 | D:10     | Found an ancient bone altar of Kikubaaqudgha.
  7901 | D:10     | Reached *** piety under Wu Jian
  8112 | D:10     | Noticed a cyan ugly thing
  8124 | D:10     | Killed a cyan ugly thing
  8198 | D:10     | Noticed a two-headed ogre
  8211 | D:10     | Killed a two-headed ogre
  8448 | D:11     | Noticed a cyclops
  8472 | D:11     | Killed a cyclops
  8475 | D:11     | Found a staircase to the Lair.
  8490 | D:11     | Noticed a two-headed ogre
  8503 | D:11     | Noticed a death knight
  8510 | D:11     | Killed a two-headed ogre
  8638 | D:11     | You fall into a shaft and drop 1 floor!
  8722 | D:12     | Noticed a deep elf pyromancer
  8739 | D:12     | You fall into a shaft and drop 1 floor!
  8884 | D:12     | Reached XP level 12. HP: 79/89 MP: 12/12
  8890 | D:12     | Noticed Josephine
  8910 | D:12     | Killed Josephine
  9003 | D:11     | Noticed a two-headed ogre
  9081 | D:12     | Killed a death knight
  9098 | D:12     | Killed a two-headed ogre
  9199 | D:11     | Identified the +5 hand axe "Bec Leed" {flame, rElec rF+
                  | Dex-5 SInv}
  9199 | D:11     | Noticed a centaur warrior
  9212 | D:11     | Killed a centaur warrior
  9357 | D:11     | Reached **** piety under Wu Jian
  9617 | D:11     | Noticed a boulder beetle
  9632 | D:11     | Killed a boulder beetle
  9633 | D:11     | Reached skill level 16 in Staves
 10045 | D:12     | Reached skill level 10 in Shields
 10584 | Lair:1   | Entered Level 1 of the Lair of Beasts
 10617 | Lair:1   | Reached XP level 13. HP: 78/99 MP: 13/13
 11988 | Lair:2   | You fall into a shaft and drop 1 floor!
 11988 | Lair:3   | Noticed Nergalle
 12002 | Lair:3   | Mangled by a spectral orc warlord

Illustrated notes

Levels and vault maps discovered:
D:1:      lightli_arrival_farm, layout_loops_corners
D:2:      layout_rooms, shapermc_ecumenical_altar_mp_vishouse
D:3:      layout_loops_ring, lemuel_tele_altar, serial_shops, shop_statue,
          uniq_sigmund
D:4:      layout_loops_corners, doesnt_xom_only_xom, kennysheep_mini_moat,
          serial_shops, shop_statue, minmay_bent
D:5:      layout_loops_ring, minmay_temple_entry_purple_smoke
D:6:      layout_basic, overflow_temple_1_default,
          lemuel_coloured_pillars_altar, uniq_crazy_yiuf_cottage, uniq_grinder
D:7:      layout_loops_ring, grunt_temple_overflow_open
D:8:      layout_rooms, uniq_maggie, uniq_erica, uniq_pikel
D:9:      layout_small_grid, kennysheep_little_box,
          nicolae_overflow_hidden_temple
D:10:     nicolae_cairo_tiling_large_dashed, layout_gridville,
          lemuel_crystal_altar, mainiacjoe_overflow_alcove_4, erik_orc_1
D:11:     layout_loops_ring, due_lair_maze_entry_diamond, minmay_pinched_square
D:12:     layout_loops_ring, uniq_josephine
D:13:     layout_roguey, lightli_vaults_fourway_checkpoint,
          portal_ice_cave_rime, chequers_serial_rivers_micro_b, uniq_lodul
Temple:   corrupted_temple
Lair:1:   layout_hall_layers, dreamdust_wasp_nest
Lair:2:   layout_long_grid, nicolae_swamp_entry_splash_gauntlet,
          serial_bayou_shore_a
Lair:3:   layout_concentric_octagons, nicolae_spider_entry_lesser_pyramids,
          infiniplex_staircase_pool_2, uniq_nergalle, uniq_urug

Skill      XL: |  1  2  3  4  5  6  7  8  9 10 11 12 13 |
---------------+----------------------------------------+-----
Staves         | 3 4 5 7 8 10 13 14 15 16 | 16.6
Fighting       | 4 6 8 9 |  9.9
Armour         | 4 6 8 9 |  9.9
Shields        | 5 8 10 11 | 11.7

Action                     |  1- 3 |  4- 6 |  7- 9 | 10-12 | 13-15 || total
---------------------------+-------+-------+-------+-------+-------++-------
  Melee: Quarterstaff      |    83 |   112 |   354 |   604 |   277 ||  1430
 Invoke: Serpent's Lash    |       |       |       |     5 |     4 ||     9
Ability: Lunge             |       |       |    18 |    39 |    12 ||    69
         Dig               |       |       |     1 |       |       ||     1
         Whirlwind         |       |       |    30 |    52 |    59 ||   141
         Shaft Self        |       |       |       |     2 |     2 ||     4
    Use: Scroll            |       |       |    11 |     1 |       ||    12
         Potion            |       |       |     2 |       |       ||     2
   Stab: Confused          |       |       |       |     1 |       ||     1
 Armour: Scale mail        |    31 |    42 |    27 |       |       ||   100
         Leather armour    |       |       |    47 |    50 |    24 ||   121
  Dodge: Dodged            |    25 |    59 |    96 |    94 |    34 ||   308
  Block: Buckler           |    13 |    32 |    56 |    66 |    22 ||   189
